 Dungeon Crawl Stone Soup version 0.29.1-2-gbd0b4ee654 (webtiles) character file.

Game seed: 18315997972028791089

392 p00ps00p the Trooper (level 6, -2/52 (56) HPs)
             Began as a Hill Orc Fighter on Oct 29, 2022.
             Slain by a wight
             ... wielding a +4 trident
              (11 damage)
             ... on level 4 of the Dungeon.
             The game lasted 00:07:37 (3563 turns).

p00ps00p the Trooper (Hill Orc Fighter)             Turns: 3563, Time: 00:07:39

HP:   -2/52 (56)    AC: 10    Str: 21    XL:     6   Next: 80%
MP:   6/6           EV:  9    Int:  8    God:
Gold: 177           SH:  5    Dex: 10    Spells: 5/5 levels left

rFire   . . .      SeeInvis .   a - +0 war axe
rCold   . . .      Faith    .   c - +0 buckler
rNeg    . . .      Spirit   .   b - +0 scale mail
rPois   .          Reflect  .   (no helmet)
rElec   .          Harm     .   (no cloak)
rCorr   .          Rampage  .   (no gloves)
Will    .....                   m - +2 pair of boots
Stlth   ..........              (no amulet)
HPRegen 0.17/turn               (no ring)
MPRegen 0.10/turn               (no ring)

@: mighty, drained
A: no striking features
a: no special abilities


You were on level 4 of the Dungeon.
You visited 1 branch of the dungeon, and saw 4 of its levels.

You collected 177 gold pieces.

Inventory:

Hand Weapons
 a - a +0 war axe (weapon)
Missiles
 i - 13 poisoned darts (quivered)
 x - 6 boomerangs of dispersal
Armour
 b - a +0 scale mail (worn)
 c - a +0 buckler (worn)
 m - a +2 pair of boots (worn)
Jewellery
 g - a ring of wizardry
Wands
 y - a wand of flame (5)
Scrolls
 e - a scroll of acquirement {unknown}
 h - 2 scrolls of magic mapping {unknown}
 j - 2 scrolls of butterflies {unknown}
 k - 6 scrolls of identify {unknown}
 o - a scroll of vulnerability {unknown}
 p - a scroll of silence {unknown}
 s - a scroll of enchant armour {unknown}
 t - 2 scrolls of teleportation {unknown}
Potions
 d - 2 potions of might
 f - 4 potions of curing {unknown}
 l - a potion of degeneration {unknown}
 n - 3 potions of lignification {unknown}
 q - a potion of ambrosia {unknown}
 r - a potion of flight {unknown}
 u - 2 potions of attraction {unknown}
 v - a potion of berserk rage {unknown}
 w - a potion of heal wounds {unknown}


   Skills:
 + Level 5.4 Fighting
 + Level 5.1 Axes
 + Level 4.9 Armour
 + Level 5.0 Shields


You had 5 spell levels left.
You didn't know any spells.
Your spell library contained the following spells:

 Spells                   Type           Power      Damage    Failure   Level
 Apportation              Tloc           0%         N/A       82%         1
 Necrotise                Necr           0%         1d4       82%         1
 Sandblast                Erth           0%         2d4       82%         1
 Summon Small Mammal      Summ           0%         N/A       82%         1
 Passwall                 Tmut/Erth      0%         N/A       91%         2
 Stone Arrow              Conj/Erth      0%         3d7       99%         3


Dungeon Overview and Level Annotations

Branches:
Dungeon (4/15)             Temple (0/1) D:4

Altars:

Annotations:
D:1 1 transporter


Message History

The wight hits you with a +4 short sword.
The wight barely misses you. You block the wight's attack.
The wight closely misses you.
You closely miss the wight.
The wight is moderately damaged.
The wight hits you with a +4 short sword.
You feel drained.
The wight hits you from afar with a +4 trident.
You feel drained.
You barely miss the wight.
The wight is moderately damaged.
The wight hits you from afar with a +4 trident.
You feel drained. You block the wight's attack.
You slash the wight!
The wight is almost destroyed.
The wight hits you from afar with a +4 trident.
The wight hits you with a +4 short sword!
* * * LOW HITPOINT WARNING * * *
You feel drained.
* * * LOW HITPOINT WARNING * * *
You slash the wight!
You destroy the wight!
The wight hits you from afar with a +4 trident.
* * * LOW HITPOINT WARNING * * *
The wight closely misses you.
Your Shields skill increases to level 5!
Unknown command.
You feel very mighty all of a sudden. You block the wight's attack.
Aiming: Throw Flame
Press: ? - help, Q - select action, (/) - cycle Shift-Dir - straight line, f - wight
Aim: a wight, wielding a +4 trident and wearing a +0 robe (68% to hit)
The puff of flame misses the wight.
The wight closely misses you.
Aiming: Throw Flame
Press: ? - help, Q - select action, (/) - cycle Shift-Dir - straight line, f/p - wight
Aim: a wight, wielding a +4 trident and wearing a +0 robe (68% to hit)
The puff of flame hits the wight but does no damage.
The wight hits you from afar with a +4 trident!
You die...

#
####............
#.#
###.#....##..
#.. ###.#### ###
#.# #.### ##..#
#..# #).#.##..
#@.......
#..#.....
##z#####. #.#
#.# .# .. ##


You could see a wight.

Vanquished Creatures
  A wight (D:4)
  A howler monkey (D:2)
  A hound (D:4)
  Jessica (D:3)
  Natasha (thrice) (D:2)
  Terence (D:2)
  An orc wizard (D:4)
  5 adders
  A dart slug (D:1)
  6 orcs
  2 bats
  5 endoplasms
  4 giant cockroaches
  8 hobgoblins
  6 jackals
  2 quokkas (D:1)
  4 ball pythons
  3 frilled lizards
  6 goblins
  5 kobolds
  10 rats
76 creatures vanquished.

Notes
Turn   | Place    | Note
-------+----------+-------------------------------------------
     0 | D:1      | p00ps00p the Hill Orc Fighter began the quest for the Orb.
     0 | D:1      | Reached XP level 1. HP: 19/19 MP: 1/1
   293 | D:1      | Reached XP level 2. HP: 24/27 MP: 2/2
  1014 | D:2      | Reached XP level 3. HP: 33/33 MP: 3/3
  1081 | D:2      | Noticed Natasha
  1104 | D:2      | Killed Natasha
  1105 | D:2      | Reached XP level 4. HP: 7/40 MP: 4/4
  1213 | D:2      | Noticed Natasha
  1226 | D:2      | Killed Natasha
  1531 | D:2      | Noticed Natasha
  1542 | D:2      | Killed Natasha
  1543 | D:2      | Reached XP level 5. HP: 31/47 MP: 5/5
  1859 | D:2      | Noticed Terence
  1867 | D:2      | Killed Terence
  2118 | D:3      | Noticed Jessica
  2122 | D:3      | Killed Jessica
  2123 | D:3      | Reached skill level 5 in Fighting
  2189 | D:3      | Found a faded altar of an unknown god.
  2225 | D:3      | Reached XP level 6. HP: 56/56 MP: 6/6
  2676 | D:3      | You fall into a shaft and drop 1 floor!
  3349 | D:4      | Reached skill level 5 in Axes
  3376 | D:4      | Found a staircase to the Ecumenical Temple.
  3561 | D:4      | Reached skill level 5 in Shields
  3563 | D:4      | Slain by a wight

Illustrated notes

Levels and vault maps discovered:
D:1:      spicycebolla_arrival_risky_transporter, layout_loops_ring,
          minivault_4, minmay_three_crescents
D:2:      layout_rooms, grunt_ministairs_4, chequers_garden, uniq_terence,
          uniq_natasha
D:3:      layout_loops_ring, basic_ecumenical_altar, kennysheep_minor_cross,
          uniq_jessica
D:4:      layout_loops_cross, lemuel_temple_firewalk_a, kennysheep_potato

Skill      XL: |  1  2  3  4  5  6 |
---------------+-------------------+-----
Axes           | 3 4 5 |  5.1
Fighting       | 4 5 |  5.4
Shields        | 4 5 |  5.0
Armour         | 4 |  4.9

Action                   |  1- 3 |  4- 6 || total
-------------------------+-------+-------++-------
Melee: War axe           |    88 |   153 ||   241
Evoke: Wand              |       |     2 ||     2
  Use: Potion            |       |     1 ||     1
Armor: Scale mail        |    57 |    82 ||   139
Dodge: Dodged            |    62 |    74 ||   136
Block: Buckler           |    21 |    34 ||    55
